 Dungeon Crawl Stone Soup version 0.30-a0-715-gdb4ae3ece1 (webtiles) character file.

Game seed: 15911618637984497358

16 Azfaa the Ducker (level 2, -1/16 HPs)
             Began as a Deep Elf Gladiator on Jan 23, 2023.
             Slain by a goblin
             ... wielding a +0 dagger
              (3 damage)
             ... on level 1 of the Dungeon.
             The game lasted 00:01:18 (436 turns).

Azfaa the Ducker (Deep Elf Gladiator)                Turns: 436, Time: 00:01:18

Health: -1/16      AC:  4    Str: 11    XL:     2   Next: 41%
Magic:  4/4        EV: 13    Int: 12    God:
Gold:   13         SH:  4    Dex: 16    Spells: 1/1 levels left

rFire   . . .      SeeInvis .    a - +0 rapier
rCold   . . .      Faith    .    (no shield)
rNeg    . . .      Spirit   .    b - +0 leather armour
rPois   .          Reflect  .    c - +0 helmet
rElec   .          Harm     .    (no cloak)
rCorr   .          Rampage  .    (no gloves)
Will    +....                    (no boots)
Stlth   +                        (no amulet)
HPRegen 0.22/turn                (no ring)
MPRegen 0.09/turn                (no ring)

@: no status effects
A: large bone plates 1, strong-willed 1
a: no special abilities


You were on level 1 of the Dungeon.
You visited 1 branch of the dungeon, and saw 1 of its levels.

You collected 13 gold pieces.

Inventory:

Hand Weapons
 a - a +0 rapier (weapon)
 g - a +0 mace
Missiles
 d - 3 throwing nets (quivered)
 e - a javelin
Armour
 b - a +0 leather armour (worn)
 c - a +0 helmet (worn)
 f - a +0 ring mail
Scrolls
 h - a scroll of teleportation


   Skills:
 + Level 1.6 Fighting
 + Level 3.2 Short Blades
 + Level 2.0 Throwing
 * Level 4.3 Dodging


You had one spell level left.
You didn't know any spells.
Your spell library was empty.

Dungeon Overview and Level Annotations

Branches:
Dungeon (1/15)

Altars:


Innate Abilities, Weirdness & Mutations

You are partially covered in large bone plates. (SH +4)
You are strong-willed. (Will+)


Message History

You kill the rat!
You now have 13 gold pieces.
There are no items here.
Found a stone staircase leading down.
There is a stone staircase leading down here. 2 kobolds come into view.
Found a chain mail.
Found an escape hatch in the floor.
Found a fuming orange potion.
The kobold shouts!
You hear a shout!
The kobold hits you with a +0 whip.
You hear a shout!
You hit the kobold.
You kill the kobold!
The kobold closely misses you. The kobold hits you with a +0 whip.
Things that are here:
a +0 whip; 2 stones You puncture the kobold!
You kill the kobold!
A hobgoblin comes into view.
A goblin comes into view. It is wielding a +0 dagger.
The goblin shouts!
Things that are here:
a +0 whip; 3 stones; a kobold corpse A dart slug comes into view.
The hobgoblin hits you.
You hit the hobgoblin.
You kill the hobgoblin!
The goblin completely misses you. The dart slug launches a dart at you.
The slug dart hits you.
* * * LOW HITPOINT WARNING * * *
The goblin hits you with a +0 dagger.
* * * LOW HITPOINT WARNING * * *
You closely miss the goblin. You block the goblin's attack.
The dart slug launches a dart at you. The slug dart hits you.
* * * LOW HITPOINT WARNING * * *
The goblin hits you with a +0 dagger.
You die...

. . ##. .###. #.. ...# #..
###..### #..## ...... #...#
#>.# #...# #))#
#...######..# #....>....@.#
#.#.######g.# #.#.# ##.# # #
#.#.# #.# #.#. #.#.# ...
##.#. #.#.## w![.
##....#####
#....##.......#..........##
##.....#.#.....#...........#
#...........................


You could see a goblin.

Vanquished Creatures
  An endoplasm (D:1)
  A giant cockroach (D:1)
  A hobgoblin (D:1)
  3 jackals (D:1)
  2 quokkas (D:1)
  A bat (D:1)
  4 kobolds (D:1)
  A rat (D:1)
14 creatures vanquished.

Notes
Turn   | Place    | Note
-------+----------+-------------------------------------------
     0 | D:1      | Azfaa the Deep Elf Gladiator began the quest for the Orb.
     0 | D:1      | Reached XP level 1. HP: 12/12 MP: 3/3
   111 | D:1      | Reached skill level 4 in Dodging
   111 | D:1      | Reached XP level 2. HP: 11/16 MP: 4/4
   282 | D:1      | Gained mutation: You are partially covered in large bone
                  | plates. (SH +4) [potion of mutation]
   282 | D:1      | Gained mutation: You are strong-willed. (Will+) [potion of
                  | mutation]
   436 | D:1      | Slain by a goblin

Illustrated notes

Levels and vault maps discovered:
D:1:      tarquinn_simple_flora_water_a, layout_loops_ring,
          minmay_misc_feat_square, item_on_display_a

Skill      XL: |  1 |
---------------+----+-----
Dodging        | 4 |  4.3
Fighting       | |  1.6
Short Blades   | |  3.2
Throwing       | |  2.0

Action                     || total
---------------------------++-------
  Melee: Rapier            ||    32
    Use: Scroll            ||     2
         Potion            ||     1
 Armour: Leather armour    ||     7
  Dodge: Dodged            ||    30
  Block: Other             ||     1

Table legend: (Time is in decaauts)
 A = Elapsed time spent in this place.
 B = Non-inter-level travel time spent in this place.
 C = Inter-level travel time spent in this place.
 D = Time resting spent in this place.
 E = Time spent auto-exploring this place.
 F = Levels seen in this place.
 G = Mean time per level.
                   A        B        C        D        E       F      G
               +--------+--------+--------+--------+--------+-----+--------+
         Total |    437 |    437 |      0 |    151 |     62 |   1 |  437.0 |
       Dungeon |    437 |    437 |      0 |    151 |     62 |   1 |  437.0 |
               +--------+--------+--------+--------+--------+-----+--------+

Top non-repeatable levels by time:
     D:1: 437 daAuts
